[Event "Live Chess"]
[Site "Chess.com"]
[Date "2023.05.21"]
[Round "-"]
[White "Mikhail_Golubev"]
[Black "AttackingSnowLeopard"]
[Result "0-1"]
[WhiteElo "2478"]
[BlackElo "2167"]
[TimeControl "300"]
[EndTime "23:51:31 PDT"]
[Termination "AttackingSnowLeopard won on time"]

1. e4 e5 2. Nf3 Nc6 3. Bc4 Bc5 4. c3 Nf6 5. d4 exd4 6. cxd4 Bb4+ 7.
Nbd2 d5 8. exd5 Nxd5 9. O-O O-O 10. a3 Be7 11. Re1 Nb6 12. Ba2 Bg4 13. h3 Bxf3 14.
Nxf3 Bf6 15. Re4 Qd7 16. Bf4 Rfe8 17. Rxe8+ Rxe8 18. d5 Ne5 19. Rc1 Nxf3+ 20. Qxf3 Be5 21. Bxe5 Rxe5 22. Qc3 Re7 23. Qa5 a6 24. Qb4 h6 25.
a4 Re2 26. a5 Qf5 27. Qd4 Nc8 28. Rxc7 Nd6 29. Rc1 Qg5 0-1

[Event "Live Chess"]
[Site "Chess.com"]
[Date "2023.05.21"]
[Round "-"]
[White "Biranidun"]
[Black "seasidecastle27"]
[Result "1-0"]
[WhiteElo "2563"]
[BlackElo "1775"]
[TimeControl "300"]
[EndTime "23:51:36 PDT"]
[Termination "Biranidun won by checkmate"]

1. e4 d6 2. d4 e5 3. Nf3 exd4 4. Nxd4 Bd7 5. Nc3 Nc6 6. Be3 Nf6 7. Qd2 Be7 8. O-O-O O-O 9. f3 a6 10. g4 Nxd4 11.
Bxd4 b5 12. h4 c5 13. Be3 b4 14. Ne2 a5 15. h5 a4 16. g5 Ne8 17. g6 fxg6 18. hxg6 Nf6 19. Nf4 h6 20. Bc4+ Kh8 21. Ne6 Bxe6 22. Bxe6 Ng8 23. Rdg1 Rxf3 24. Bxh6 Nxh6 25.
Rxh6+ gxh6 26. Qxh6# 1-0

[Event "Live Chess"]
[Site "Chess.com"]
[Date "2023.05.21"]
[Round "-"]
[White "mirandaasilva"]
[Black "BillythekidFellowes"]
[Result "0-1"]
[WhiteElo "1628"]
[BlackElo "2019"]
[TimeControl "300"]
[EndTime "23:51:53 PDT"]
[Termination "BillythekidFellowes won by resignation"]

1. g3 d5 2. Bg2 Nf6 3. Nf3 c6 4.
d3 Nbd7 5. O-O e5 6. e4 Bd6 7.
Re1 O-O 8. exd5 cxd5 9. Nbd2 Qb6 10.
h4 Ng4 11. Qe2 Bc5 12. d4 exd4 13. Nb3 d3 14. cxd3 Bxf2+ 15. Kf1 Bxg3 16. Be3 Nxe3+ 17.
Qxe3 Bxe1 18. Qxb6 Nxb6 19. Rxe1 Bf5 20. Nfd4 Bxd3+ 21. Kg1 Be4 22. Bxe4 dxe4 23. Rxe4 Rfe8 24. Rg4 Rad8 25.
Rg3 Re4 26. Kf2 Rdxd4 27. Nxd4 Rxd4 28. Re3 Kf8 29. Ke1 Nd5 30. h5 Nxe3 31. b4 Nc2+ 32.
Ke2 Nxb4 33. a3 Nc2 34. h6 gxh6 35. a4 Rxa4 36. Kd1 Ra2 37. Ke2 b5 38. Kd3 b4 39.
Kc4 Rb2 40. Kd3 a5 41. Kc4 a4 42. Kb5 a3 43. Ka4 a2 44. Kb5 a1=Q 45. Kc4 b3 46.
Kb5 Qa3 47. Kc4 Qb4+ 0-1

[Event "Live Chess"]
[Site "Chess.com"]
[Date "2023.05.21"]
[Round "-"]
[White "Jo1ts"]
[Black "Pandreq"]
[Result "0-1"]
[WhiteElo "838"]
[BlackElo "1252"]
[TimeControl "300"]
[EndTime "23:51:57 PDT"]
[Termination "Pandreq won by resignation"]

1. d4 d5 2. Bf4 c6 3. Nf3 Nf6 4. e3 Bf5 5. c3 e6 6. Bd3 Bxd3 7.
Qxd3 Nbd7 8. Nbd2 c5 9. O-O a6 10. Rac1 b5 11. b3 c4 12. bxc4 bxc4 13. Qc2 Ba3 14. Rb1 O-O 15. Qa4 Be7 16. Ne5 Nxe5 17. Bxe5 Nd7 18. Nf3 Bf6 19. Bxf6 Nxf6 20. Rfe1 Ne4 21.
Ne5 Nxc3 22. Qc2 Nxb1 23. Qxb1 Rb8 24. Qd1 Rb7 25. e4 Qa5 26. Re2 Rfb8 0-1

[Event "Live Chess"]
[Site "Chess.com"]
[Date "2023.05.21"]
[Round "-"]
[White "MarkLim1"]
[Black "MaximKris"]
[Result "1-0"]
[WhiteElo "1682"]
[BlackElo "1826"]
[TimeControl "300"]
[EndTime "23:52:07 PDT"]
[Termination "MarkLim1 won by checkmate"]

1. d4 d5 2. Nf3 Nf6 3. c4 e6 4. cxd5 exd5 5. Nc3 Bf5 6. Bg5 Nc6 7. Qb3 Rb8 8. Bxf6 Qxf6 9. Nxd5 Qd6 10. Ne3 Qb4+ 11.
Qxb4 Bxb4+ 12. Kd1 Be4 13. Nc2 Bxc2+ 14. Kxc2 O-O 15. e3 Rfe8 16. Bd3 h6 17. Rac1 Bd6 18. Kb1 Nb4 19. Be2 a5 20. a3 Nd5 21. Bc4 Nf6 22. Bd3 Ne4 23. Rc2 b5 24. Bxe4 Rxe4 25. Nd2 Ree8 26.
Nb3 a4 27. Nc5 Bxc5 28. Rxc5 Re7 29. Rhc1 Rb7 30. Kc2 Kf8 31. Kd3 Ke8 32. f3 Kd7 33. e4 Ke6 34. f4 f5 35. d5+ Kf6 36. Rc6+ Kf7 37. e5 Ra7 38. R1c5 Ke8 39. Rxb5 Rd7 40.
Kd4 Ra8 41. e6 Re7 42. Ke5 Rd8 43. Kxf5 Kf8 44. Ke5 g5 45. fxg5 hxg5 46. Rb7 Rg7 47. Rcxc7 Rxc7 48. Rxc7 Rb8 49. d6 Rxb2 50. Rc8+ Kg7 51. d7 Re2+ 52. Kd6 Rd2+ 53. Ke7 Rd3 54. d8=Q Rxd8 55. Rxd8 Kg6 56. Kf8 Kf5 57. e7 Ke5 58.
e8=Q+ Kf4 59. Rd4+ Kf5 60. Qe4+ Kf6 61. Rd6# 1-0

[Event "Live Chess"]
[Site "Chess.com"]
[Date "2023.05.21"]
[Round "-"]
[White "Tushinskiy"]
[Black "HoarseyHorsey"]
[Result "0-1"]
[WhiteElo "2172"]
[BlackElo "1450"]
[TimeControl "300"]
[EndTime "23:52:19 PDT"]
[Termination "HoarseyHorsey won on time"]

1. d4 Nf6 2. c3 d5 3. Nf3 Bg4 4. Bf4 e6 5. Bg3 Bd6 6. Nbd2 O-O 7. e3 c6 8. Bd3 Re8 9. Qb1 Qe7 10. Ne5 Bh5 11. f4 Nbd7 12. Bh4 Qf8 13. Nxd7 Nxd7 14. Bxh7+ Kh8 15. Bd3 Be7 16. Bg3 Nf6 17. Nf3 Ne4 18. Bxe4 dxe4 19. Qxe4 Bg6 20. Qe5 Bf6 21. Qa5 b6 22.
Qa3 Qxa3 23. bxa3 Bd3 24. Kd2 Bh7 25. Rhd1 Red8 26. Ke2 Rd7 27. Rac1 Rad8 28. Bf2 Be7 29. h3 Bxa3 30. g4 Bxc1 31. Rxc1 c5 32. Ne5 Rc7 33.
Be1 b5 34. Bd2 f6 35. Nd3 cxd4 36. exd4 Rdc8 37. Nc5 Rc6 38. Be3 Re8 39. Kd2 Rd6 40. Ra1 e5 41. f5 exd4 42. cxd4 Rd5 43. Rb1 Red8 44. Rxb5 Bg8 45. Ra5 a6 46. Kc3 R5d6 47. Ra4 Rc8 48. Bf4 Rdc6 49. Kd3 Bd5 50. Ke3 Bc4 51. Kf2 Bb5 52. Rb4 Re8 53. Rb2 Rxc5 54. dxc5 Rd8 55. Rd2 Rc8 0-1

[Event "Live Chess"]
[Site "Chess.com"]
[Date "2023.05.21"]
[Round "-"]
[White "EdenHazard8"]
[Black "GiacoPietro"]
[Result "1-0"]
[WhiteElo "1967"]
[BlackElo "627"]
[TimeControl "300"]
[EndTime "23:52:21 PDT"]
[Termination "EdenHazard8 won by resignation"]

1. e4 e5 2. Nf3 Nc6 3. Bc4 a6 4. d4 b5 5. Bb3 d6 6. dxe5 Nxe5 7. Nxe5 dxe5 8. Bxf7+ Kxf7 9. Qxd8 Bb7 10. Qxc7+ Ne7 11. Qxb7 1-0

[Event "Live Chess"]
[Site "Chess.com"]
[Date "2023.05.21"]
[Round "-"]
[White "Singapourfeuj"]
[Black "CroasArRheun"]
[Result "1-0"]
[WhiteElo "2215"]
[BlackElo "1824"]
[TimeControl "300"]
[EndTime "23:52:29 PDT"]
[Termination "Singapourfeuj won by resignation"]

1. d4 d5 2. c4 e6 3. Nf3 Nf6 4. Nc3 Be7 5. cxd5 exd5 6. Bg5 c6 7. Qc2 Bd7 8. e3 Be6 9. Bd3 Nbd7 10. O-O h6 11. Bh4 Nh5 12. Bxe7 Qxe7 13. Rae1 Nhf6 14.
Ne5 O-O 15. f4 c5 16. Kh1 cxd4 17. exd4 Qb4 18. f5 Nxe5 19. dxe5 d4 20. fxe6 Ng4 21.
exf7+ Kh8 22. Nd5 Qa5 23. Be4 Rxf7 24. b4 Rxf1+ 25. Rxf1 Qd8 26. e6 Rc8 27. e7 Qe8 28. Qxc8 1-0

[Event "Live Chess"]
[Site "Chess.com"]
[Date "2023.05.21"]
[Round "-"]
[White "Driftboard"]
[Black "Supertromp"]
[Result "0-1"]
[WhiteElo "772"]
[BlackElo "2138"]
[TimeControl "300"]
[EndTime "23:52:42 PDT"]
[Termination "Supertromp won by checkmate"]

1. e4 c5 2. Nf3 d6 3. Nc3 Nf6 4. Bc4 g6 5. O-O Bg7 6. d3 O-O 7. Bg5 Nc6 8. Bxf6 Bxf6 9. Bd5 Bg4 10. Bxc6 bxc6 11. h3 Be6 12. d4 cxd4 13. Nxd4 Bc4 14.
Re1 c5 15. Nc6 Qb6 16. Nxe7+ Bxe7 17. e5 dxe5 18. Rxe5 Bf6 19. Re1 Qxb2 20. Ne4 Qxa1 21. Qxa1 Bxa1 22. Rxa1 Rac8 23. Nf6+ Kg7 24. Nd7 f6 25.
Nxf8 Rxf8 26. Rd1 Be6 27. Kh2 Kf7 28. Kg3 Ke7 29. Kf4 Rd8 30. Rxd8 Kxd8 31. Ke4 Bxa2 32.
Kd3 a5 33. Kc3 Kc7 34. Kb2 Bd5 35. Ka3 Kb6 36. Ka4 Bc6+ 37. Ka3 c4 38. c3 Kc5 39. Kb2 Bxg2 40. Kc2 Bxh3 41. Kd2 Bf5 42. Kc1 a4 43.
Kb2 h6 44. Ka3 h5 45. Kxa4 h4 46. Ka3 h3 47. Kb2 h2 48. Kc1 h1=Q+ 49. Kd2 Qf3 50. Kc1 Qxf2 51. Kd1 Qf1+ 52. Kd2 Qd3+ 53. Ke1 Qxc3+ 54.
Kf2 Qd2+ 55. Kf3 Bc8 56. Kg3 c3 57. Kf3 c2 58. Kg3 c1=Q 59. Kf3 Qcc3+ 60. Ke4 Bf5# 0-1

[Event "Live Chess"]
[Site "Chess.com"]
[Date "2023.05.21"]
[Round "-"]
[White "febray_27"]
[Black "matt1979"]
[Result "1-0"]
[WhiteElo "2003"]
[BlackElo "1520"]
[TimeControl "300"]
[EndTime "23:52:43 PDT"]
[Termination "febray_27 won by resignation"]

1. Nf3 f5 2. d4 e6 3. g3 Nf6 4. Bg2 Be7 5. O-O O-O 6. c4 d6 7. Nc3 Qe8 8. Re1 Ne4 9. Qc2 Nxc3 10. Qxc3 a5 11. b3 Nd7 12. Bb2 Nf6 13. Nd2 c6 14.
Rad1 Bd8 15. e4 fxe4 16. Nxe4 Nxe4 17. Bxe4 Qf7 18. Qe3 Bg5 19. f4 Bh6 20. Rf1 e5 21. dxe5 dxe5 22. Bxe5 Bh3 23. Bg2 Bxg2 24. Kxg2 Qg6 25.
Rd6 Qc2+ 26. Rf2 Qf5 27. Qd4 Rae8 28. c5 Rf7 29. Qc4 Kh8 30. Qd4 Kg8 31. Rd8 Rxd8 32. Qxd8+ Rf8 33. Qd4 Qf7 34. Bd6 Rd8 35. Qe5 g6 36. Re2 Bg7 37. Qe7 Qxe7 38. Rxe7 Rb8 39. Bxb8 1-0

[Event "Live Chess"]
[Site "Chess.com"]
[Date "2023.05.21"]
[Round "-"]
[White "rmethornhill"]
[Black "Ian-Morley"]
[Result "0-1"]
[WhiteElo "1170"]
[BlackElo "1029"]
[TimeControl "300"]
[EndTime "23:52:53 PDT"]
[Termination "Ian-Morley won by resignation"]

1. d4 e5 2. dxe5 Nc6 3. e4 Qe7 4. e6 Qxe6 5. Nc3 Bb4 6. Bd3 Nf6 7. f3 Nd4 8. Be3 c5 9. Ne2 d6 10. Bb5+ Bd7 11. Bxd7+ Nxd7 12. O-O Nxe2+ 13. Qxe2 Bxc3 14.
bxc3 Ne5 15. Rab1 b6 16. Rfd1 O-O 17. Bf4 Rad8 18. Rd5 Ng6 19. Bg3 f5 20. Rbd1 fxe4 21. Qxe4 Qxe4 22. fxe4 Rd7 23. Rxd6 Rxd6 24. Rxd6 Nf4 25.
Bxf4 Rxf4 26. e5 Re4 27. e6 Kf8 28. Kf2 Ke7 29. Rd7+ Kxe6 30. Rxg7 a5 31. Rxh7 Kd5 32. Rh5+ Kc4 33. Rh6 b5 34. g3 Kxc3 35. Rc6 c4 36.
Ra6 a4 37. Rf6 Kxc2 38. h4 Kb2 39. h5 c3 40. Rf4 Rxf4+ 41. gxf4 c2 42. h6 c1=Q 43. h7 Qxf4+ 44. Ke2 0-1

[Event "Live Chess"]
[Site "Chess.com"]
[Date "2023.05.21"]
[Round "-"]
[White "diana21strabt"]
[Black "Hacker_2009"]
[Result "0-1"]
[WhiteElo "1717"]
[BlackElo "1940"]
[TimeControl "300"]
[EndTime "23:52:55 PDT"]
[Termination "Hacker_2009 won by checkmate"]

1. e4 c5 2. Nf3 d6 3. d4 cxd4 4.
Nxd4 Nf6 5. Nc3 a6 6. Bg5 e6 7. f4 Be7 8. Qf3 O-O 9. g4 Nc6 10.
Nxc6 bxc6 11. Bxf6 Bxf6 12. g5 Be7 13. h4 d5 14.
exd5 cxd5 15. Bd3 Qb6 16. O-O-O Bb7 17. h5 d4 18. Ne4 Bd5 19. g6 fxg6 20. hxg6 h6 21.
Rh5 Rab8 22. b3 Qa5 23. Kb1 Ba3 24. Rxd5 Qxd5 25. Nd2 Qxf3 26. Nxf3 Rxf4 27. Be2 Rd8 28. c3 Bc5 29. cxd4 Bxd4 30. Nxd4 Rfxd4 31. Rxd4 Rxd4 32. Bxa6 h5 33. Bc8 Re4 34. Kc2 h4 35. Kd3 Re1 36. a4 h3 37. Bb7 h2 38. a5 h1=Q 39. Bxh1 Rxh1 40. b4 Ra1 41. Kc4 Kf8 42. Kb5 Ke7 43.
a6 e5 44. Kb6 e4 45. b5 e3 46. a7 e2 47. Kb7 e1=Q 48. b6 Qe4+ 49. Kb8 Qe5+ 50. Ka8 Rb1 51. b7 Qc7 52. b8=N Qb7# 0-1

[Event "Live Chess"]
[Site "Chess.com"]
[Date "2023.05.21"]
[Round "-"]
[White "LutherSullivan"]
[Black "Rusty_Bridges"]
[Result "0-1"]
[WhiteElo "2164"]
[BlackElo "1531"]
[TimeControl "300"]
[EndTime "23:52:57 PDT"]
[Termination "Rusty_Bridges won on time"]

1. e4 d6 2. d4 Nf6 3. Nc3 Nbd7 4. f4 e5 5. dxe5 dxe5 6. f5 Bb4 7. Bd3 Nc5 8. Qe2 Bd7 9. Nf3 Qe7 10. Bg5 h6 11. Bxf6 Qxf6 12. O-O Bxc3 13. bxc3 O-O 14. Rab1 Bc6 15.
g4 Na4 16. Rb3 Nc5 17. Rbb1 Na4 18. Qd2 Qd6 19. Kh1 Rfd8 20. g5 h5 21. g6 fxg6 22.
fxg6 Nc5 23. Qg5 Nxe4 24. Bxe4 Bxe4 25. Qxh5 Qxg6 26. Qxe5 Bc6 27. c4 Re8 28. Qf4 Rf8 29. Qe3 Rae8 30. Qa3 a6 31. Rb3 Qe4 32. Kg2 Qg4+ 33.
Kh1 Bxf3+ 34. Rbxf3 Rxf3 35. Qxf3 Qxc4 36. h4 Qc6 37. h5 Qxf3+ 38. Rxf3 c6 39. Rc3 Re1+ 40. Kg2 Re2+ 41. Kf3 Rh2 42. Kg4 Rg2+ 0-1

[Event "Live Chess"]
[Site "Chess.com"]
[Date "2023.05.21"]
[Round "-"]
[White "smoggyrabbit"]
[Black "Denz14"]
[Result "1-0"]
[WhiteElo "1734"]
[BlackElo "1028"]
[TimeControl "300"]
[EndTime "23:52:58 PDT"]
[Termination "smoggyrabbit won by checkmate"]

1. d4 Nf6 2. Nf3 d6 3. e3 g6 4. Be2 Bg7 5. O-O O-O 6. b3 c5 7. Bb2 b6 8. Nbd2 Bb7 9. c4 cxd4 10. exd4 Nbd7 11. Qc2 Rc8 12. Rfe1 e5 13. dxe5 dxe5 14. Nxe5 Nxe5 15. Bxe5 Re8 16. Bb2 Qc7 17. Rad1 Qc6 18.
Bf3 Rxe1+ 19. Rxe1 Qc7 20. Bxb7 Qxb7 21. Nf3 b5 22. Ne5 bxc4 23. Nxc4 a5 24. Qd1 a4 25. Nd6 Rd8 26. Nxb7 Rxd1 27. Rxd1 Ne4 28. Rd8+ Bf8 29.
Ba3 Nd6 30. Bxd6 Kg7 31. Bxf8+ Kg8 32. Bh6# 1-0

[Event "Live Chess"]
[Site "Chess.com"]
[Date "2023.05.21"]
[Round "-"]
[White "Conradical12"]
[Black "minenko-1958"]
[Result "0-1"]
[WhiteElo "1568"]
[BlackElo "1478"]
[TimeControl "300"]
[EndTime "23:53:12 PDT"]
[Termination "minenko-1958 won by resignation"]

1. e4 e5 2. Nf3 d6 3. Bc4 h6 4. O-O Nf6 5. d4 exd4 6. Qxd4 Nc6 7. Qd1 Be7 8. Be3 Nxe4 9. Bd3 Ng5 10. Bxg5 Bxg5 11.
Re1+ Be7 12. Be4 O-O 13. Qe2 Bf6 14. Bxc6 bxc6 15. c3 Bd7 16. Nbd2 d5 17. Qd3 Be6 18. Qa6 Qd7 19. c4 Rfb8 20. cxd5 cxd5 21. Rad1 Rxb2 22. Ne4 Rb6 23. Nxf6+ gxf6 24. Nh4 Rxa6 0-1

[Event "Live Chess"]
[Site "Chess.com"]
[Date "2023.05.21"]
[Round "-"]
[White "AttackingSnowLeopard"]
[Black "BillythekidFellowes"]
[Result "1-0"]
[WhiteElo "2174"]
[BlackElo "2014"]
[TimeControl "300"]
[EndTime "23:53:12 PDT"]
[Termination "AttackingSnowLeopard won by resignation"]

1. d4 g6 2. c4 Bg7 3. Nc3 d6 4.
e4 Nd7 5. Be2 c5 6. Nf3 cxd4 7.
Nxd4 e6 8. Ndb5 Bf8 9. Nxd6+ Bxd6 10. Qxd6 Ne7 11. Bg5 Nf8 12. Qe5 Rg8 13. Rd1 Qb6 14. Nb5 Nd7 15. Nd6+ Kf8 16. Bh6+ 1-0

[Event "Live Chess"]
[Site "Chess.com"]
[Date "2023.05.21"]
[Round "-"]
[White "EdenHazard8"]
[Black "Tushinskiy"]
[Result "0-1"]
[WhiteElo "1963"]
[BlackElo "2176"]
[TimeControl "300"]
[EndTime "23:53:12 PDT"]
[Termination "Tushinskiy won by resignation"]

1. e4 e5 2. Nf3 d6 3. Bc4 Bg4 4.
d3 Nf6 5. h3 Bh5 6. O-O Nbd7 7.
Nbd2 c6 8. c3 Be7 9. Qb3 b5 10.
a4 bxc4 11. Nxc4 Bxf3 12. gxf3 O-O 0-1

[Event "Live Chess"]
[Site "Chess.com"]
[Date "2023.05.21"]
[Round "-"]
[White "bedsdrout"]
[Black "Duke_of_Bebington"]
[Result "0-1"]
[WhiteElo "377"]
[BlackElo "1581"]
[TimeControl "300"]
[EndTime "23:53:21 PDT"]
[Termination "Duke_of_Bebington won on time"]

1. e4 e5 2. Nc3 Nf6 3. Nf3 Nc6 4.
Bc4 Nxe4 5. Nxe4 d5 6. Neg5 h6 7. Nh3 Bxh3 8. d3 Bxg2 9. Nh4 Bxh1 10. Be3 dxc4 11. dxc4 Qxh4 12. Qe2 Qe4 13. O-O-O Bf3 14. Qd2 Bxd1 15. Qxd1 Rd8 16. Qe2 Nd4 17. Qd3 Qxd3 18.
cxd3 Bb4 19. a3 Bd6 20. c5 Bxc5 21. f3 Nb3+ 22. Kc2 Bxe3 23. Kxb3 Rxd3+ 24. Kc4 Rd4+ 25. Kc3 Ke7 26. Kc2 Rhd8 0-1

[Event "Live Chess"]
[Site "Chess.com"]
[Date "2023.05.21"]
[Round "-"]
[White "JoeRoot66"]
[Black "KeithArkell"]
[Result "0-1"]
[WhiteElo "1924"]
[BlackElo "2555"]
[TimeControl "300"]
[EndTime "23:54:21 PDT"]
[Termination "KeithArkell won by resignation"]

1. e4 c6 2. Nf3 d5 3. Nc3 Bg4 4. h3 Bxf3 5. Qxf3 dxe4 6. Nxe4 Nd7 7. d4 Ndf6 8. c3 Nxe4 9. Qxe4 Nf6 10. Qf3 Qd5 11.
Be2 Qxf3 12. Bxf3 e6 13. Bf4 Rd8 14. O-O-O Bd6 15. Bxd6 Rxd6 16. Rhe1 Ke7 17. Kc2 Rhd8 18. b3 g5 19. Re5 h6 20. g3 b6 21. a4 c5 22.
dxc5 Rxd1 23. Bxd1 Nd7 24. Re3 Nxc5 25. Bf3 f5 26.
Bc6 Rd6 27. Bb5 Ne4 28. Re2 Kf6 29. Bd3 Nc5 30. Bb5 a5 31. f3 e5 32. b4 axb4 33.
cxb4 Ne6 34. Rd2 Nd4+ 35. Kc3 Nxb5+ 36. axb5 Rxd2 37. Kxd2 e4 38. fxe4 fxe4 39. g4 Ke5 40.
Ke3 Kd5 41. Ke2 Kd4 42. Kd2 e3+ 43. Ke2 Ke4 44. Ke1 Kd3 45. Kd1 e2+ 46. Ke1 Ke3 47. h4 gxh4 48. g5 h3 0-1

[Event "Live Chess"]
[Site "Chess.com"]
[Date "2023.05.21"]
[Round "-"]
[White "DaveL5678"]
[Black "ProfPoisson"]
[Result "0-1"]
[WhiteElo "1017"]
[BlackElo "1184"]
[TimeControl "300"]
[EndTime "23:54:23 PDT"]
[Termination "ProfPoisson won by checkmate"]

1. e4 e5 2. Nf3 Nf6 3. Nxe5 Nxe4 4. Qe2 Qe7 5. Qxe4 d6 6. d4 dxe5 7. Qxe5 Qxe5+ 8. dxe5 Nc6 9. Bb5 Bd7 10. Bxc6 Bxc6 11. O-O O-O-O 12. Bf4 g5 13. Bg3 h5 14. h3 h4 15. Bh2 Bg7 16. Nc3 Rd2 17. Rac1 f6 18.
exf6 Bxf6 19. a4 Bxc3 20. bxc3 Bxa4 21. Ra1 b5 22. Be5 Re8 23. Bd4 Bxc2 24. Rxa7 Bd3 25.
Ra8+ Kd7 26. Rxe8 Kxe8 27. Re1+ Kd7 28. Rb1 Kd6 29. Rxb5 Bxb5 30. Bf6 Rd5 31. Kh2 Ke6 32. Bd4 Kf5 33. g3 c5 34. g4+ Kf4 35. Bf6 Rd2 36. Kg2 Rd1 37. Bg7 Bf1+ 38. Kh2 Kf3 39. c4 Kxf2 40. Bd4+ Kf3 41. Bxc5 Rd2+ 42. Kg1 Bxh3 43. Bf2 Rxf2 44. Kh1 Kg3 45. c5 Rf1# 0-1

[Event "Live Chess"]
[Site "Chess.com"]
[Date "2023.05.21"]
[Round "-"]
[White "Jo1ts"]
[Black "mirandaasilva"]
[Result "0-1"]
[WhiteElo "838"]
[BlackElo "1628"]
[TimeControl "300"]
[EndTime "23:54:47 PDT"]
[Termination "mirandaasilva won by resignation"]

1. d4 g6 2. Bf4 d6 3. Nf3 Bg7 4. e3 Nd7 5. Nbd2 Ngf6 6. Bd3 Nh5 7. Bg3 Nxg3 8. hxg3 e5 9. Be2 Qe7 10. c3 f5 11. e4 Nf6 12. exf5 Bxf5 13. dxe5 dxe5 14. Nh4 Be6 15. f4 exf4 16. gxf4 O-O-O 17. Nb3 Rxd1+ 0-1

[Event "Live Chess"]
[Site "Chess.com"]
[Date "2023.05.21"]
[Round "-"]
[White "trekker123"]
[Black "CeladonFish"]
[Result "1-0"]
[WhiteElo "2083"]
[BlackElo "1080"]
[TimeControl "300"]
[EndTime "23:55:24 PDT"]
[Termination "trekker123 won by resignation"]

1. d4 Nf6 2. Nf3 g6 3. Nc3 Bg7 4.
e4 O-O 5. e5 Ng4 6. h3 Nh6 7. Bd3 d5 8. O-O f6 9. Re1 fxe5 10.
Nxe5 Nd7 11. Qe2 Nxe5 12. dxe5 c6 13. Bg5 Nf7 14. Bf4 Qb6 15. Rab1 Nd8 16. Bg5 Ne6 17.
Bxe7 Rf7 18. Bh4 Nd4 19. Qe3 Be6 20. Na4 Qd8 21. Bxd8 Rxd8 22. Qxd4 1-0

[Event "Live Chess"]
[Site "Chess.com"]
[Date "2023.05.21"]
[Round "-"]
[White "profpirate4"]
[Black "Ferrarifan27"]
[Result "0-1"]
[WhiteElo "1260"]
[BlackElo "2057"]
[TimeControl "300"]
[EndTime "23:55:28 PDT"]
[Termination "Ferrarifan27 won by resignation"]

1. d4 Nf6 2. c4 e6 3. Nc3 Bb4 4. f3 d5 5. cxd5 exd5 6. e3 O-O 7. Bd3 Re8 8. Qc2 Nc6 9. Ne2 Bd6 10. O-O Nb4 11. Qd1 Nxd3 12. Qxd3 c6 13. Ng3 Bxg3 14. hxg3 Qc7 15. Kf2 g6 16. Bd2 Bf5 17. Qe2 Nh5 18.
f4 Nf6 19. Ke1 Bg4 20. Qf2 Ne4 21. Nxe4 Rxe4 22. Rh1 Rae8 23. Rh4 h5 24. a4 Rxd4 25. Bc3 Rde4 26. Kd2 Rxe3 27. Qxe3 Rxe3 28. Kxe3 c5 29. Be5 d4+ 30. Kd2 Qa5+ 31. Kc2 Bf5+ 32. Kd1 Qb4 33. Rb1 Bxb1 0-1

[Event "Live Chess"]
[Site "Chess.com"]
[Date "2023.05.21"]
[Round "-"]
[White "diana21strabt"]
[Black "Ian-Morley"]
[Result "1-0"]
[WhiteElo "1717"]
[BlackElo "1028"]
[TimeControl "300"]
[EndTime "23:55:40 PDT"]
[Termination "diana21strabt won by resignation"]

1. e4 d5 2. exd5 Qxd5 3. Nc3 Qd8 4. Nf3 Nf6 5. Bc4 e6 6. O-O c6 7.
d3 Nbd7 8. Bg5 Be7 9. Qe2 h6 10. Bxf6 Bxf6 11. Ne4 Ne5 12. Nxe5 Bxe5 13. c3 b5 14. Bb3 a5 15. d4 a4 16. dxe5 axb3 17. axb3 Rxa1 18. Rxa1 O-O 19. Qd2 Qxd2 20. Nxd2 Rd8 21.
Nf3 Bb7 22. h3 c5 23. Ra5 Bxf3 24. gxf3 Rb8 25. Kf1 c4 26. b4 Kf8 27. Ke2 Ke7 28. Ke3 f6 29. f4 fxe5 30. fxe5 g5 31. f3 Kf7 32. Kd4 Kg6 33. Kc5 h5 34. Rxb5 Rc8+ 35. Kd4 g4 36. fxg4 hxg4 37. hxg4 Kg5 38. Rc5 Kxg4 39.
Rxc8 1-0

[Event "Live Chess"]
[Site "Chess.com"]
[Date "2023.05.21"]
[Round "-"]
[White "martynstanley"]
[Black "Nazar_777"]
[Result "0-1"]
[WhiteElo "988"]
[BlackElo "1602"]
[TimeControl "300"]
[EndTime "23:55:53 PDT"]
[Termination "Nazar_777 won by checkmate"]

1. d4 e6 2. e3 a6 3. Bd3 h5 4. c3 c5 5. f4 cxd4 6. exd4 Nf6 7. Nf3 Be7 8. O-O Qc7 9. Ne5 Nc6 10. Rf3 Nxe5 11.
fxe5 Ng4 12. Rh3 b5 13. Be2 Bb7 14. Bxg4 O-O-O 15. Bf3 g5 16. Bxg5 Bxg5 17. Bxh5 Bd5 18. Nd2 Qc6 19. Nf3 Rdg8 20. Qe2 Rh6 21. Nxg5 Rxg5 22.
Rg3 Rhxh5 23. Rxg5 Rxg5 24. g3 Kc7 25. Qf2 Rf5 26. Qe2 Bh1 27. Rf1 Rxf1+ 28. Qxf1 a5 29. Qf2 b4 30. Kf1 Bf3 31. h4 bxc3 32. bxc3 Bh5 33. Ke1 Qxc3+ 34. Qd2 Qa1+ 35. Kf2 Qb1 36. Qxa5+ Qb6 37. Qxb6+ Kxb6 38. Ke3 Kb5 39. Kd3 Kc6 40. Kc4 d6 41. exd6 Kxd6 42. a4 f5 43. a5 Kc6 44. a6 Be2+ 45. Kc3 Bxa6 46. Kd2 Kd6 47. Ke3 Ke7 48. Kf4 Kf6 49. g4 Bd3 50. g5+ Ke7 51.
h5 Be2 52. h6 Kf7 53. Ke5 Bh5 54. d5 exd5 55. Kxf5 Bg6+ 56. Ke5 Be4 57. Kf4 Kg6 58. Kg4 Bf5+ 59. Kf4 d4 60. Kf3 Kxg5 61. h7 Bxh7 62.
Ke2 d3+ 63. Kd2 Kf4 64. Kd1 Ke3 65. Ke1 d2+ 66. Kd1 Bc2+ 67. Kxc2 Ke2 68. Kc3 d1=Q 69. Kc4 Ke3 70. Kc5 Ke4 71. Kb6 Qc2 72. Kb7 Kd5 73. Kb6 Qc5+ 74. Ka6 Qb4 75. Ka7 Kc6 76. Ka8 Qb7# 0-1

[Event "Live Chess"]
[Site "Chess.com"]
[Date "2023.05.21"]
[Round "-"]
[White "chessfiction"]
[Black "Mugzwang"]
[Result "1-0"]
[WhiteElo "2347"]
[BlackElo "1559"]
[TimeControl "300"]
[EndTime "23:55:56 PDT"]
[Termination "chessfiction won by resignation"]

1. e4 c5 2. d4 cxd4 3. c3 Nf6 4. e5 Nd5 5. Bc4 Nb6 6. Bb3 Nc6 7. Nf3 e6 8. O-O d6 9. exd6 Bxd6 10. Bg5 Qc7 11. Na3 a6 12. cxd4 O-O 13. Rc1 Be7 14.
Qd3 Bxg5 15. Nxg5 f5 16. Qh3 g6 17. Bxe6+ Kh8 18. d5 Qe7 19. Nf7+ Rxf7 20. Bxf7 Qxf7 21. dxc6 bxc6 22. Rxc6 Nd5 23. Nc4 Bb7 24. Ne5 Qg7 25. Nxg6+ Kg8 26. Qxf5 Bxc6 27. Qe6+ Qf7 28. Qxc6 Rd8 29.
Ne5 Qg7 30. Qe6+ Kh8 31. Nf7+ Kg8 32. Nxd8+ 1-0

[Event "Live Chess"]
[Site "Chess.com"]
[Date "2023.05.21"]
[Round "-"]
[White "hturner40"]
[Black "elephantgerrald"]
[Result "1-0"]
[WhiteElo "1787"]
[BlackElo "613"]
[TimeControl "300"]
[EndTime "23:56:24 PDT"]
[Termination "hturner40 won by checkmate"]

1. Nf3 d5 2. g3 Bg4 3. c4 dxc4 4. Bg2 Bxf3 5. Bxf3 Nf6 6. Qa4+ c6 7. Qxc4 Nbd7 8.
d4 b5 9. Qb3 Qa5+ 10. Bd2 Qc7 11. Nc3 e6 12. Rc1 Be7 13. Nxb5 Qc8 14. Rxc6 Qb7 15. Nc7+ Qxc7 16. Rxc7 O-O 17. Bxa8 Bd6 18. Rxa7 e5 19. dxe5 Nxe5 20. O-O Bc5 21. Ra5 Bd6 22.
Bd5 h6 23. Ra7 Nxd5 24. Qxd5 Bb8 25. Re7 Ng6 26. Rb7 Be5 27. Bb4 Re8 28. Qxf7+ Kh7 29.
Qxe8 Bxg3 30. hxg3 h5 31. Qf7 Kh6 32. Bd2+ Kh7 33.
Qxg7# 1-0

[Event "Live Chess"]
[Site "Chess.com"]
[Date "2023.05.21"]
[Round "-"]
[White "nigelst"]
[Black "jbooth"]
[Result "0-1"]
[WhiteElo "1700"]
[BlackElo "1716"]
[TimeControl "300"]
[EndTime "23:56:28 PDT"]
[Termination "jbooth won on time"]

1. e4 d6 2. d4 Nf6 3. Nc3 Nbd7 4. Nf3 e5 5. dxe5 dxe5 6. Bd3 c6 7. Bg5 h6 8. Bh4 Qc7 9. Bg3 g5 10. h4 g4 11. Nh2 h5 12. Nf1 Nc5 13. Ne3 Nxd3+ 14. Qxd3 Be6 15. O-O-O Be7 16. Nc4 Bxc4 17. Qxc4 O-O 18. Qe2 Rad8 19. Qe3 Kh7 20. Qg5 Rg8 21.
Qf5+ Rg6 22. Bxe5 Qa5 23. Bxf6 Qxf5 24. exf5 Rxf6 25. Rhe1 Rxd1+ 26. Nxd1 Bc5 27. Re5 Bd6 28. Ra5 Bb8 29. Ne3 b6 30. Ra4 a5 31. Re4 Bd6 32. Rc4 Bc5 33. Rf4 Kg7 34. g3 Rd6 35. Nc4 Rd4 36. f6+ Kg6 37. Ne5+ Kh7 38. Nxf7 Rxf4 39.
gxf4 Bxf2 40. Ng5+ Kg6 41. f5+ Kxf5 42. f7 Bc5 43.
Kd2 Be7 44. Ke2 Kf4 45. Kf2 g3+ 46. Kg2 Kg4 47. Ne6 Kxh4 48. f8=Q Bxf8 49. Nxf8 Kg4 50. Ng6 Kg5 51. Ne5 h4 52. Nxc6 Kg4 53. Ne5+ Kf4 54. Nd3+ Kg4 55. Ne5+ Kf4 56. Nd3+ Ke3 57. Ne5 Kd2 58.
c4 Kc2 59. a3 Kxb2 60. Nd7 Kxa3 61. Nxb6 Kb4 62. Kh3 a4 0-1